AoeStats
← Soldier

Oasis

510128236Analyzed
4v4 RM · 2d ago on Sep 29, 2026· 63m 26s· 8 players
Game mode
Random Map
Map size
Large (8 player)
Population
200
Speed
Normal
Resources
Standard
Victory
Conquest
Starting age
Dark Age
Ending age
Imperial Age
RankedLock teamsTeams togetherTeam positionsShared explorationLock speedFull tech treeHidden civsTurbo modeCheats
Victory
Defeat
🇺🇸 Spanish · United States
1037
+14
🇺🇸 Koreans · United States
1037
+14
🇮🇪 Franks · Ireland
995
+16
🇹🇷 Persians · Türkiye
972
+17
🇹🇼 Poles · Taiwan
1059
-18
🇹🇼 Britons · Taiwan
1028
-17
🇦🇷 Goths · Argentina
973
-14
🇦🇷 Danes · Argentina
904
-12
JAF23
3:52 Loom
12:26 Feudal Age
13:20 Double-Bit Axe
13:17 Horse Collar
18:40 Castle Age
17:56 Gold Mining
19:54 Caravan
20:15 Bow Saw
21:33 Heavy Plow
23:23 Gold Shaft Mining
23:44 Fletching
24:02 Stone Mining
26:25 Bodkin Arrow
28:48 Wheelbarrow
30:02 Hand Cart
33:19 Imperial Age
32:29 Ballistics
33:22 Elite War Wagon
34:26 Bracer
34:38 Forging
35:49 Thumb Ring
37:32 Husbandry
40:15 Cavalier
41:36 Iron Casting
41:06 Scale Barding Armor
43:35 Chain Barding Armor
46:53 Chemistry
55:14 Scale Mail Armor
62:06 Murder Holes
CovertSpy
9:56 Loom
11:52 Feudal Age
12:34 Horse Collar
12:41 Double-Bit Axe
18:58 Castle Age
22:20 Heavy Plow
24:03 Wheelbarrow
24:25 Bow Saw
24:59 Town Watch
27:59 Hand Cart
27:55 Husbandry
28:05 Bloodlines
27:54 Stone Mining
27:54 Gold Mining
29:48 Fortified Wall
31:35 Caravan
32:52 Town Patrol
34:04 Bloodlines
36:57 Imperial Age
37:08 Fletching
37:18 Padded Archer Armor
37:29 Forging
37:19 Scale Mail Armor
37:24 Scale Barding Armor
36:59 Pikeman
37:39 Squires
37:24 Arson
37:23 Cavalier
38:41 Ballistics
38:55 Murder Holes
38:52 Guard Tower
40:14 Halberdier
41:30 Bodkin Arrow
44:27 Paladin
48:37 Iron Casting
48:17 Chain Mail Armor
48:22 Chain Barding Armor
51:23 Blast Furnace
50:54 Plate Mail Armor
52:31 Chemistry
51:35 Capped Ram
53:52 Arrowslits
54:19 Masonry
57:01 Two-Man Saw
56:40 Plate Mail Armor
56:45 Plate Barding Armor
56:44 Siege Ram
Soldier
0:30 Loom
12:29 Feudal Age
13:41 Wheelbarrow
12:49 Horse Collar
12:57 Double-Bit Axe
18:15 Stone Mining
21:59 Castle Age
20:13 Gold Mining
22:55 Bow Saw
22:50 Heavy Plow
23:11 Hand Cart
29:17 Stone Shaft Mining
29:17 Gold Shaft Mining
29:15 Caravan
35:41 Imperial Age
35:11 Forging
35:02 Scale Mail Armor
35:07 Scale Barding Armor
35:48 Husbandry
35:33 Pikeman
35:59 Arson
36:15 Squires
37:39 Two-Man Saw
37:46 Chemistry
36:42 Murder Holes
36:26 Cavalier
39:15 Conscription
38:21 Halberdier
39:30 Bloodlines
40:11 Iron Casting
39:51 Chain Mail Armor
39:57 Chain Barding Armor
42:00 Blast Furnace
40:42 Elite War Elephant
43:45 Savar
45:26 Plate Mail Armor
45:32 Plate Barding Armor
50:58 Padded Archer Armor
50:48 Fletching
redjumper99
0:44 Loom
11:16 Feudal Age
13:02 Double-Bit Axe
13:05 Town Watch
21:34 Castle Age
20:14 Scale Barding Armor
22:27 Fletching
27:03 Stone Mining
28:12 Gold Mining
32:32 Bow Saw
34:07 Bodkin Arrow
34:59 Wheelbarrow
35:39 Forging
36:02 Town Watch
37:07 Hand Cart
37:38 Gold Shaft Mining
36:54 Stone Mining
37:42 Iron Casting
38:39 Chain Barding Armor
41:07 Imperial Age
38:56 Husbandry
40:50 Light Cavalry
41:23 Cavalier
52:02 Caravan
54:50 Plate Barding Armor
55:26 Fervor
60:11 Town Patrol
63:29 Blast Furnace
62:30 Padded Archer Armor
LarVa
0:50 Loom
12:01 Feudal Age
13:42 Wheelbarrow
15:58 Castle Age
14:04 Double-Bit Axe
14:24 Horse Collar
17:19 Hand Cart
17:29 Bow Saw
18:04 Heavy Plow
27:16 Stone Mining
32:42 Imperial Age
31:01 Squires
30:22 Man-at-Arms
31:17 Forging
31:08 Scale Mail Armor
31:13 Anarchy
31:15 Gold Mining
31:27 Long Swordsman
31:30 Pikeman
34:01 Iron Casting
33:41 Chain Mail Armor
33:50 Conscription
32:53 Two-Handed Swordsman
32:55 Halberdier
35:02 Two-Man Saw
34:37 Crop Rotation
35:27 Perfusion
35:08 Elite Huskarl
37:15 Blast Furnace
37:53 Champion
治平陳冠希
8:09 Loom
10:20 Feudal Age
11:33 Double-Bit Axe
15:53 Castle Age
15:20 Fletching
17:10 Crossbowman
19:29 Gold Mining
20:49 Padded Archer Armor
22:27 Horse Collar
28:09 Stone Mining
28:25 Heavy Plow
31:26 Stone Shaft Mining
31:35 Wheelbarrow
36:02 Pikeman
36:43 Squires
36:29 Arson
41:16 Imperial Age
40:36 Ballistics
40:13 Murder Holes
40:29 Masonry
42:52 Hand Cart
43:02 Elite Varangian Guard
44:22 Halberdier
46:07 Gold Shaft Mining
45:02 Halberdier
47:08 Scale Mail Armor
47:19 Forging
47:17 Scale Barding Armor
49:19 Illumination
49:48 Conscription
50:10 Block Printing
QingTEA
10:42 Feudal Age
14:52 Castle Age
13:26 Double-Bit Axe
13:59 Horse Collar
16:45 Bow Saw
17:52 Wheelbarrow
17:40 Loom
22:09 Heavy Plow
25:55 Hand Cart
26:20 Hand Cart
26:01 Gold Mining
26:02 Stone Mining
26:08 Stone Mining
29:16 Imperial Age
27:10 Husbandry
28:35 Bloodlines
29:12 Forging
28:54 Treadmill Crane
28:51 Light Cavalry
30:09 Scale Barding Armor
30:39 Iron Casting
30:29 Conscription
30:15 Szlachta Privileges
30:12 Cavalier
31:08 Town Watch
31:09 Winged Hussar
39:19 Lechitic Legacy
41:40 Chain Barding Armor
42:21 Blast Furnace
41:38 Caravan
47:47 Pikeman
48:27 Squires
48:13 Arson
48:31 Scale Mail Armor
48:21 Fletching
49:10 Elite Obuch
51:28 Chain Mail Armor
51:08 Bodkin Arrow
53:10 Plate Mail Armor
57:43 Crop Rotation
58:38 Fortified Wall
58:48 Ballistics
61:30 Bracer
63:36 Padded Archer Armor
big chong
0:30 Loom
9:45 Feudal Age
15:25 Castle Age
13:34 Double-Bit Axe
15:16 Stone Mining
27:37 Wheelbarrow
32:51 Bow Saw
34:15 Fortified Wall
38:31 Imperial Age
37:27 Caravan
38:53 Ballistics
40:30 Two-Man Saw
39:12 Horse Collar
41:59 Chemistry
41:31 Heavy Plow
41:56 Treadmill Crane
42:13 Fletching
42:42 Gold Mining
43:32 Conscription
45:10 Gold Shaft Mining
45:51 Yeomen
45:46 Pikeman
46:12 Gambesons
46:28 Squires
46:33 Bodkin Arrow
46:39 Padded Archer Armor
46:52 Forging
46:48 Scale Barding Armor
46:44 Scale Mail Armor
48:03 Elite Longbowman
48:39 Halberdier
51:27 Masonry
52:40 Hoardings
52:06 Warwolf
57:09 Bracer
57:45 Iron Casting
57:28 Leather Archer Armor
57:05 Elite Skirmisher
61:45 Ring Archer Armor
62:16 Blast Furnace
61:37 Chain Barding Armor
Connection lost

Rejoining the realm…

Still unreachable

The connection could not be restored.

Session expired

The server has moved on; the page needs a fresh start.